Map: Neon Violet Square LE

Players

JJAKJI - Winner!

  • Race: Terran Terran
  • Spawn Location: 5:00

PtitDrogo

  • Race: Protoss Protoss
  • League: Master
  • Spawn Location: 11:00

Event: HomeStory Cup XVI

VOD

Have the link to the VOD?

Description

Time

  • Played on: Nov. 9, 2017, 12:17 p.m.
  • Length: 11:25

All games in this series

Show
View Real Time Build Order
Export as new Build Order

JJAKJI Terran - Winner!

Build Orders: Command Center First (CC), MMM Bio 

Get SALT Encoding   

  12  0:00  SCV  
  13  0:12  SCV  
  14  0:17  Supply Depot  
  14  0:25  SCV  
  15  0:39  SCV  
  16  0:51  SCV  
  17  1:00  Command Center  
  18  1:04  SCV  
  18  1:13  Barracks  
  18  1:17  SCV  
  19  1:29  SCV  
  19  1:31  Barracks  
  20  1:41  SCV  
  21  1:47  Barracks  
  21  1:53  SCV  
  22  2:01  Marine  
  23  2:06  Orbital Command  
  23  2:11  Orbital Command  
  23  2:18  Marine x2  
  25  2:23  Refinery  
  25  2:28  Refinery  
  25  2:32  SCV  
  25  2:35  Marine  
  25  2:36  Marine  
  28  2:38  SCV  
  28  2:40  Marine  
  28  2:44  SCV  
  31  2:49  Supply Depot  
  31  2:50  SCV  
  32  2:55  Barracks Tech Lab  
  32  2:56  SCV, Marine  
  32  2:58  Marine  
  34  3:02  SCV  
  36  3:08  SCV, Engineering Bay  
  37  3:14  SCV  
  37  3:17  Marine x2  
  40  3:20  Stimpack, SCV  
  40  3:22  Marine  
  40  3:26  SCV  
  43  3:28  Supply Depot  
  43  3:34  SCV  
  43  3:35  Missile Turret  
  43  3:39  SCV  
  45  3:44  Factory  
  45  3:45  Barracks Reactor  
  44  3:49  Marine  
  44  3:52  Barracks Tech Lab  
  44  3:53  SCV x2  
  47  3:59  Supply Depot  
  43  4:07  SCV x2, Marine  
  43  4:08  Terran Infantry Weapons Level 1  
  44  4:11  Refinery  
  44  4:13  Missile Turret  
  44  4:14  Marine  
  45  4:19  SCV x2  
  45  4:22  Marine  
  45  4:23  Marine  
  49  4:25  Marine  
  49  4:26  Bunker  
  49  4:30  Starport  
  50  4:31  Factory Reactor  
  50  4:33  SCV  
  50  4:35  SCV  
  52  4:39  Marine  
  52  4:40  Marine x2  
  52  4:43  Marine  
  52  4:45  SCV  
  56  4:47  SCV  
  56  4:49  Combat Shields  
  57  4:56  Supply Depot  
  57  4:57  Supply Depot, SCV  
  57  4:59  SCV  
  59  5:02  Marine x3  
  62  5:11  SCV  
  62  5:17  Marine  
  62  5:18  Medivac x2, SCV  
  62  5:19  Supply Depot  
  62  5:20  Marine x3  
  71  5:24  SCV  
  72  5:30  SCV  
  73  5:36  Widow Mine  
  73  5:37  Command Center  
  74  5:44  SCV x2  
  74  5:48  Marine x3  
  74  5:49  Missile Turret  
  79  5:59  Barracks  
  79  6:00  Supply Depot, Barracks  
  79  6:02  Terran Infantry Armor Level 1  
  79  6:08  Marauder x2  
  79  6:09  Marine x2  
  85  6:11  Factory Reactor  
  85  6:12  SCV  
  86  6:21  SCV  
  86  6:22  Refinery  
  86  6:23  Supply Depot  
  86  6:24  SCV  
  88  6:27  Marine x2  
  88  6:32  Marauder x2  
  94  6:45  Medivac x2  
  99  6:47  SCV x2  
  99  6:50  Supply Depot x2  
  99  6:52  Marine x2  
  99  6:53  Barracks Reactor, Barracks Tech Lab  
  101  6:58  Marauder  
  101  6:59  Marauder  
  97  7:10  Marine x2  
  97  7:11  Widow Mine x2  
  97  7:15  Medivac x2  
  101  7:16  SCV x2  
  101  7:18  Orbital Command  
  101  7:19  Marauder  
  101  7:21  Marauder  
  107  7:25  Marauder  
  107  7:27  Marine  
  110  7:31  SCV x2  
  112  7:39  Supply Depot  
  112  7:40  Widow Mine x2, Supply Depot  
  112  7:41  Marauder  
  112  7:42  Marauder  
  119  7:45  Armory  
  119  7:46  Engineering Bay  
  118  7:55  Liberator x2  
  115  8:02  Marauder x2  
  116  8:06  Marauder, Marine x3  
  116  8:09  Widow Mine  
  121  8:17  Marine  
  124  8:20  SCV x2  
  124  8:23  Marauder  
  124  8:24  Marauder, Marine x2  
  124  8:25  Refinery x2  
  132  8:28  Widow Mine, Marauder  
  136  8:38  Widow Mine, Supply Depot  
  136  8:39  SCV x3  
  136  8:40  Supply Depot  
  141  8:51  Marauder x3, Marine x2  
  149  8:57  Supply Depot  
  149  8:58  Supply Depot  
  149  8:59  Widow Mine, Marine x2  
  149  9:00  Medivac x2  
  157  9:06  Widow Mine  
  159  9:11  Missile Turret  
  159  9:12  Starport  
  159  9:16  Supply Depot, Terran Ship Weapons Level 1  
  159  9:24  Marine x3  
  159  9:25  Marine  
  166  9:34  Widow Mine  
  166  9:35  Widow Mine  
  167  9:39  Medivac x2  
  167  9:43  Command Center, Marauder x2  
  167  9:44  Marine x2  
  167  9:45  Marine x2  
  178  10:01  Marauder, Liberator x2  
  178  10:02  Marine x3  
  178  10:05  Marauder x2  
  180  10:09  Medivac x2  
  180  10:12  Supply Depot  
  174  10:16  Marine  
  174  10:20  Marine x2  
  178  10:22  Liberator x2  
  178  10:23  Marauder  
  178  10:26  Marauder x2  
  184  10:41  SCV x3  
  191  10:49  Refinery  
  187  10:51  Refinery  
  185  10:57  Marauder x3, Marine x4  
  185  11:02  Barracks  
  185  11:04  Barracks  
  190  11:06  Barracks  
Show
View Real Time Build Order
Export as new Build Order

PtitDrogo Protoss 

Build Orders: 1 Gate Expand, Oracle Opening 

Get SALT Encoding   

  12  0:02  Probe (Chrono Boost)  
  14  0:14  Probe (Chrono Boost)  
  14  0:20  Pylon  
  14  0:26  Probe (Chrono Boost)  
  14  0:28  Assimilator  
  15  0:39  Probe (Chrono Boost)  
  16  0:44  Gateway  
  16  0:45  Probe (Chrono Boost)  
  17  0:54  Probe (Chrono Boost)  
  18  1:06  Probe (Chrono Boost)  
  19  1:22  Nexus  
  20  1:27  Probe (Chrono Boost)  
  20  1:33  Cybernetics Core  
  20  1:39  Probe (Chrono Boost)  
  21  1:42  Assimilator  
  21  1:51  Probe (Chrono Boost)  
  21  1:52  Pylon  
  22  1:59  Probe (Chrono Boost)  
  22  2:05  Adept  
  22  2:06  Probe (Chrono Boost)  
  23  2:10  Stargate  
  26  2:21  Warp Gate, Probe (Chrono Boost)  
  27  2:32  Adept  
  27  2:33  Probe (Chrono Boost)  
  27  2:36  Probe (Chrono Boost)  
  31  2:43  Oracle  
  32  2:45  Probe (Chrono Boost)  
  32  2:48  Probe (Chrono Boost)  
  33  2:57  Probe (Chrono Boost)  
  37  3:00  Probe (Chrono Boost)  
  37  3:01  Pylon  
  37  3:04  Adept  
  40  3:09  Probe (Chrono Boost)  
  42  3:13  Probe (Chrono Boost)  
  42  3:19  Probe (Chrono Boost)  
  43  3:24  Oracle  
  43  3:25  Probe x2 (Chrono Boost)  
  47  3:34  Gateway  
  48  3:35  Probe (Chrono Boost)  
  48  3:37  Probe (Chrono Boost)  
  50  3:43  Gateway  
  50  3:47  Probe (Chrono Boost)  
  52  3:49  Probe (Chrono Boost)  
  52  4:00  Probe (Chrono Boost)  
  52  4:01  Probe (Chrono Boost)  
  54  4:09  Pylon  
  54  4:17  Nexus  
  54  4:19  Pylon  
  54  4:23  Shield Battery  
  54  4:26  Assimilator  
  54  4:27  Assimilator  
  54  4:29  Probe x2 (Chrono Boost)  
  56  4:31  Stalker  
  58  4:39  Stalker, Probe x2 (Chrono Boost)  
  58  4:40  Stalker  
  58  4:45  Probe x2 (Chrono Boost)  
  64  4:46  Shield Battery  
  66  4:55  Probe x2 (Chrono Boost)  
  66  4:57  Pylon  
  68  5:01  Twilight Council  
  68  5:03  Forge  
  68  5:04  Sentry, Pylon  
  70  5:16  Pylon  
  70  5:17  Probe x2 (Chrono Boost), Sentry x2  
  76  5:24  Probe x2 (Chrono Boost)  
  76  5:25  Probe (Chrono Boost)  
  78  5:31  Probe x2 (Chrono Boost)  
  78  5:33  Probe (Chrono Boost), Protoss Ground Weapons Level 1  
  78  5:34  Sentry  
  83  5:37  Blink  
  83  5:40  Gateway  
  83  5:41  Gateway  
  86  5:43  Gateway, Probe x2 (Chrono Boost)  
  86  5:45  Probe (Chrono Boost)  
  87  5:55  Phoenix, Probe x2 (Chrono Boost)  
  92  5:57  Probe (Chrono Boost)  
  92  6:00  Assimilator  
  92  6:01  Assimilator  
  92  6:08  Photon Cannon, Probe (Chrono Boost)  
  92  6:10  Shield Battery  
  93  6:12  Stalker x2, Pylon  
  93  6:15  Stalker  
  96  6:36  Photon Cannon  
  96  6:37  Photon Cannon  
  96  6:38  Stalker x2, Probe (Chrono Boost), Pylon  
  96  6:39  Stalker  
  103  6:41  Stalker, Pylon  
  103  6:46  Shield Battery  
  99  6:57  Probe (Chrono Boost)  
  96  7:01  Pylon  
  96  7:02  Stalker x2  
  96  7:03  Stalker x3  
  103  7:09  Probe (Chrono Boost)  
  103  7:11  Probe (Chrono Boost)  
  103  7:12  Probe (Chrono Boost)  
  106  7:17  Probe (Chrono Boost)  
  106  7:19  Protoss Ground Armor Level 1  
  106  7:20  Robotics Facility  
  108  7:23  Probe (Chrono Boost)  
  108  7:24  Probe (Chrono Boost)  
  108  7:29  Adept x3, Probe (Chrono Boost)  
  116  7:35  Probe (Chrono Boost)  
  114  7:38  Probe (Chrono Boost)  
  114  7:58  Stalker x5  
  122  8:07  Stalker  
  124  8:15  Pylon  
  124  8:17  Resonating Glaives  
  124  8:18  Shield Battery, Pylon  
  124  8:28  Robotics Bay  
  124  8:29  Pylon  
  124  8:32  Robotics Facility  
  124  8:34  Observer  
  125  8:37  Pylon  
  125  8:38  Assimilator, Probe (Chrono Boost)  
  126  8:49  Photon Cannon  
  126  8:51  Stalker  
  126  8:53  Adept x4, Shield Battery  
  126  8:54  Immortal  
  136  8:59  Nexus  
  136  9:01  Pylon  
  136  9:02  Photon Cannon  
  141  9:11  Probe (Chrono Boost)  
  141  9:17  Stalker x3  
  141  9:18  Stalker  
  149  9:25  Colossus  
  155  9:47  Stalker x2  
  155  9:50  Colossus  
  157  9:58  Pylon  
  149  10:10  Colossus  
  149  10:12  Adept x6  
  151  10:27  Probe x3 (Chrono Boost)  
  155  10:30  Probe (Chrono Boost)  
  149  10:36  Stalker x2  
  149  10:40  Oracle  
  155  10:46  Probe (Chrono Boost)  
  155  10:47  Probe (Chrono Boost)  
  147  10:55  Adept x3  
  135  11:15  Assimilator  
  135  11:16  Assimilator  
  135  11:17  Adept x2  
  135  11:18  Adept x2  
Tags
 
Add a new tag
Caveats
  • Supply blocks, unpowered buildings, or Contaminate may cause inaccurate times.
  • Supply counts are checked every 10 seconds.